 Dungeon Crawl Stone Soup version 0.31-a0-833-gc15d34cb79 (webtiles) character file.

Game seed: 11367942884508073753

19 mopl the Ruffian (level 2, -2/11 HPs)
             Began as an Octopode Shapeshifter on Sept 25, 2023.
             Splashed by a jelly's acid (8 damage)
             ... on level 2 of the Dungeon.
             The game lasted 00:00:58 (817 turns).

mopl the Ruffian (Octopode Shapeshifter)             Turns: 817, Time: 00:00:58

Health: -2/11      AC: -3    Str: 13    XL:     2   Next: 75%
Magic:  2/2        EV: 13    Int: 12    God:
Gold:   42         SH:  0    Dex: 11    Spells: 1/1 levels left

rFire   . .          .
                       - Unarmed
rCold   . . .        (shield currently unavailable)
rNeg    + . .        (helmet restricted)
rPois   .            (no amulet)
rElec   .            h - ring of positive energy
rCorr   .            (no ring)
SInv    .            (no ring)
Will    .....        (no ring)
Stlth   +            (no ring)
HPRegen 0.21/turn    (no ring)
MPRegen 0.08/turn    (no ring)
                     (no ring)

%: no passive effects
@: flux-form, corroded, glowing
A: glow, contaminating, reduced hp, almost no armour, amphibious, 8 rings,
camouflage 1, gelatinous body 1, (nimble swimmer 1), tentacles
a: Begin Untransformation


You were on level 2 of the Dungeon.
You were something dangerously unstable.
You visited 1 branch of the dungeon, and saw 2 of its levels.

You collected 42 gold pieces.

Inventory:

Jewellery
 h - a ring of positive energy (left tentacle)
Talismans
 b - a beast talisman
 c - a flux talisman (active)
Scrolls
 d - a scroll of vulnerability {unknown}
 e - 2 scrolls of blinking
 f - a scroll of immolation {unknown}
 j - a scroll of enchant weapon {unknown}
Potions
 a - 3 potions of lignification {!q}
 g - a potion of heal wounds {unknown}
 i - a potion of might {unknown}
 k - 2 potions of curing {unknown}


   Skills:
 + Level 1.3 Fighting
 + Level 2.2 Dodging
 * Level 3.3 Unarmed Combat
 * Level 3.3 Shapeshifting


You had one spell level left.
You didn't know any spells.
Your spell library was empty.

Dungeon Overview and Level Annotations

Branches:
Dungeon (2/15)

Altars:


Innate Abilities, Weirdness & Mutations

You are something dangerously unstable.
You glow with magical radiation, making you easy to see and hit.
Foes you strike become dangerously contaminated with magical radiation.
Your maximum health is decreased, since you lack skill for your form.
You are incapable of wielding weapons or throwing items.
You cannot wear most types of armour.
You are amphibious.
You can wear up to eight rings at the same time.
Your skin changes colour to match your surroundings (Stealth+).
Your rubbery body absorbs attacks. (AC +1, EV +1)
((You are camouflaged when in or above water. (Stealth+)))
You have tentacles for arms and can constrict up to eight enemies at once.


Message History

You tentacle-slap the kobold. Your grab misses the kobold.
You squeeze the kobold.
You kill the kobold!
No target in view!
No target in view!
HP restored.
Found a stone staircase leading down.
A giant cockroach comes into view.
Found 9 gold pieces.
The helpless giant cockroach fails to defend itself.
You tentacle-slap the giant cockroach. Your grab misses the giant cockroach.
The giant cockroach is almost dead.
The giant cockroach misses you.
You tentacle-slap the giant cockroach.
You kill the giant cockroach!
You now have 42 gold pieces (gained 9).
You see here a giant cockroach corpse.
A jelly comes into view.
The jelly quivers.
A jelly is nearby!
You see here a giant cockroach corpse.
There is a stone staircase leading up here.
Things that are here:
a +0 club; a goblin corpse You climb upwards.
There is a stone staircase leading down here.
You begin transforming.
You continue transforming. x3
Your transformation has ended.
You turn into something dangerously unstable.
HP restored.
Unknown command.
You climb downwards.
The jelly completely misses you.
There is a stone staircase leading up here.
Things that are here:
a +0 club; a goblin corpse You tentacle-slap the jelly.
The jelly begins to glow.
Your tentacles burn!
The jelly is moderately wounded.
The jelly hits you. The acid corrodes you!
You are splashed with acid!
Ouch! That really hurt!
You die...

#...... ...... ..#
######### ...... ..
#...#...# ...... ..
#...#...##.#..... .
#...#......##.... #.
##...#...#####..##
#.###............†....
#..†.p#.########......
#..†##J.# ##..##.##
#.....#).#.## ##..##
.# #...####...#
###..## .# ### ##.##
#...## .# #.#####.###
.. ####..#....# #.
#.......#### .
.....##..###


You could see a jelly (contam).

Vanquished Creatures
  An endoplasm (D:1)
  3 giant cockroaches (D:2)
  4 goblins
  3 kobolds
  A quokka (D:1)
  A ball python (D:1)
  2 frilled lizards (D:1)
  A rat (D:1)
16 creatures vanquished.

Notes
Turn   | Place    | Note
-------+----------+-------------------------------------------
     0 | D:1      | mopl the Octopode Shapeshifter began the quest for the Orb.
     0 | D:1      | Reached XP level 1. HP: 13/13 MP: 1/1
   234 | D:1      | Reached XP level 2. HP: 17/18 MP: 2/2
   817 | D:2      | Splashed by a jelly's acid

Illustrated notes

Levels and vault maps discovered:
D:1:      nzn_arrival_depleted_hourglass, layout_loops_ring
D:2:      layout_rooms, serial_shops, shop

Action                     || total
---------------------------++-------
  Melee: Unarmed           ||    25
         Constrict         ||     5
         Tentacles         ||     3
    Use: Scroll            ||     1
   Stab: Sleeping          ||     5
 Armour: Skin              ||     9
  Dodge: Dodged            ||    11
   Form: Flux              ||     1

Table legend: (Time is in decaauts)
 A = Elapsed time spent in this place.
 B = Non-inter-level travel time spent in this place.
 C = Inter-level travel time spent in this place.
 D = Time resting spent in this place.
 E = Time spent auto-exploring this place.
 F = Levels seen in this place.
 G = Mean time per level.
                   A        B        C        D        E       F      G
               +--------+--------+--------+--------+--------+-----+--------+
         Total |    815 |    805 |     10 |      0 |    699 |   2 |  407.5 |
       Dungeon |    815 |    805 |     10 |      0 |    699 |   2 |  407.5 |
               +--------+--------+--------+--------+--------+-----+--------+

Top non-repeatable levels by time:
     D:1: 755 daAuts
     D:2: 60 daAuts
